Map: 普列昂台地

Players

FWHas (Has) - Winner!

  • Race: Protoss Protoss
  • League: Master

Expect

  • Race: Terran Terran
  • League: Master

Event: 2016 WCS Winter Challenger Taiwan

VOD

Have the link to the VOD?

Description

Time

  • Played on: Jan. 14, 2016, 7:49 a.m.
  • Length: 10:13

All games in this series

Show
View Real Time Build Order
Export as new Build Order

FWHas Protoss - Winner!

Build Orders: Blink Stalkers 

Get SALT Encoding   

  12  0:01  Probe (Chrono Boost)  
  13  0:11  Probe (Chrono Boost)  
  14  0:17  Pylon  
  14  0:22  Probe (Chrono Boost)  
  16  0:35  Probe (Chrono Boost)  
  16  0:36  Gateway  
  16  0:46  Probe (Chrono Boost)  
  16  0:47  Assimilator  
  17  0:56  Probe (Chrono Boost)  
  18  0:58  Assimilator  
  18  1:07  Probe (Chrono Boost)  
  19  1:15  Pylon  
  19  1:17  Probe (Chrono Boost)  
  20  1:23  Cybernetics Core  
  20  1:28  Probe (Chrono Boost)  
  21  1:48  Nexus  
  21  1:53  Probe (Chrono Boost)  
  22  2:00  Stalker (Chrono Boost)  
  24  2:05  Mothership Core (Chrono Boost)  
  26  2:14  Pylon  
  26  2:17  Warp Gate  
  26  2:23  Probe (Chrono Boost)  
  27  2:34  Probe (Chrono Boost)  
  28  2:43  Twilight Council  
  27  2:44  Probe (Chrono Boost)  
  27  2:48  Stalker  
  30  2:55  Probe (Chrono Boost)  
  31  3:01  Probe (Chrono Boost)  
  33  3:05  Probe (Chrono Boost)  
  34  3:16  Gateway  
  34  3:18  Gateway  
  34  3:23  Blink (Chrono Boost)  
  34  3:25  Probe  
  34  3:26  Probe  
  34  3:33  Pylon  
  34  3:37  Probe x2  
  36  3:44  Pylon  
  36  3:47  Probe  
  36  3:51  Probe  
  38  3:58  Probe  
  39  4:03  Gateway  
  39  4:08  Probe  
  39  4:09  Probe  
  40  4:12  Gateway  
  40  4:13  Gateway  
  41  4:23  Probe, Robotics Facility  
  41  4:25  Probe  
  43  4:31  Pylon  
  43  4:34  Probe  
  43  4:38  Stalker x2  
  48  4:43  Stalker  
  50  4:47  Pylon  
  50  4:50  Assimilator  
  52  4:59  Stalker  
  52  5:01  Stalker  
  52  5:02  Stalker  
  56  5:07  Stalker  
  56  5:08  Stalker  
  56  5:11  Stalker  
  56  5:14  Observer  
  63  5:31  Probe, Stalker x2  
  63  5:33  Probe  
  69  5:42  Probe  
  69  5:45  Nexus  
  69  5:46  Probe, Pylon  
  71  5:51  Stalker  
  71  5:52  Stalker  
  71  5:55  Probe  
  75  5:59  Pylon  
  75  6:00  Adept x2  
  80  6:05  Resonating Glaives (Chrono Boost)  
  72  6:20  Stalker  
  72  6:21  Stalker x2  
  72  6:25  Assimilator  
  79  6:27  Adept x2  
  82  6:45  Probe  
  78  6:47  Probe  
  78  6:51  Adept x6  
  88  6:58  Probe x2, Immortal  
  88  6:59  Probe  
  95  7:08  Probe x2  
  95  7:11  Probe  
  94  7:19  Probe  
  94  7:21  Probe  
  85  7:23  Probe  
  85  7:25  Sentry x2  
  91  7:30  Probe, Gateway  
  91  7:33  Gateway  
  91  7:35  Gateway  
  92  7:37  Immortal  
  92  7:39  Adept  
  92  7:43  Probe, Stalker x3  
  104  7:44  Probe  
  104  7:49  Probe  
  107  8:04  Assimilator x2  
  103  8:06  Pylon  
  103  8:07  Pylon  
  103  8:09  Pylon x2  
  103  8:13  Adept  
  103  8:14  Adept x3  
  103  8:16  Immortal  
  113  8:30  Adept  
  113  8:31  Adept  
  117  8:36  Forge  
  117  8:39  Pylon, Adept, Forge  
  117  8:40  Adept x3  
  123  8:56  Immortal  
  123  9:00  Adept x2  
  123  9:01  Adept x5  
  139  9:09  Adept x2  
  140  9:48  Adept x4  
  140  9:50  Nexus  
  140  9:51  Pylon  
Show
View Real Time Build Order
Export as new Build Order

Expect Terran 

Build Orders: Reaper Expand 

Get SALT Encoding   

  12  0:00  SCV  
  13  0:12  SCV  
  14  0:17  Supply Depot  
  14  0:25  SCV  
  15  0:39  SCV  
  15  0:41  Barracks  
  16  0:44  Refinery  
  16  0:51  SCV  
  17  1:03  SCV  
  18  1:15  SCV  
  19  1:28  Orbital Command  
  19  1:29  Reaper  
  20  1:42  Command Center  
  20  1:54  Supply Depot, SCV  
  21  2:08  Factory, SCV  
  22  2:19  Refinery  
  22  2:20  SCV  
  23  2:23  Barracks Reactor  
  23  2:32  SCV  
  25  2:44  SCV  
  25  2:56  Factory Tech Lab, SCV, Orbital Command  
  26  3:04  Marine x2  
  28  3:08  SCV  
  28  3:15  Cyclone  
  31  3:20  Barracks, SCV  
  31  3:21  Marine x2  
  31  3:23  SCV  
  35  3:27  Barracks  
  35  3:32  SCV  
  36  3:35  SCV  
  36  3:39  Marine x2  
  39  3:44  SCV  
  39  3:45  Supply Depot  
  39  3:47  SCV  
  41  3:52  Cyclone  
  44  3:56  SCV  
  44  3:57  Marine  
  46  4:03  Supply Depot  
  46  4:06  SCV, Marine  
  48  4:12  Barracks Tech Lab  
  48  4:14  Engineering Bay, Barracks Tech Lab  
  48  4:16  SCV  
  49  4:18  SCV  
  50  4:25  Bunker  
  50  4:28  SCV  
  50  4:30  SCV  
  52  4:40  SCV  
  52  4:41  Marine  
  52  4:42  Marauder x2, Combat Shields, Marine  
  52  4:43  SCV  
  59  4:51  Bunker  
  59  4:52  Refinery  
  59  4:54  Siege Tank, Bunker  
  59  4:58  Supply Depot  
  62  5:02  SCV x2  
  64  5:14  SCV x2  
  64  5:15  Supply Depot  
  64  5:20  Marine  
  65  5:26  Siege Tank, SCV  
  62  5:42  Marine x2  
  64  5:43  Marauder x2  
  64  5:48  SCV  
  64  5:49  SCV  
  66  6:01  SCV x2  
  68  6:04  Siege Tank  
  71  6:13  SCV x2  
  73  6:23  Marauder x2, Bunker, Marine x2  
  79  6:27  Missile Turret  
  79  6:30  Supply Depot  
  79  6:33  SCV x2  
  78  6:47  SCV x2  
  78  6:52  Supply Depot  
  78  6:53  Bunker  
  78  6:54  Marauder, Marine x2  
  78  6:56  Barracks Tech Lab  
  78  6:59  Siege Tank  
  85  7:01  SCV x2  
  85  7:02  Bunker  
  81  7:16  Marauder  
  81  7:20  SCV x2  
  81  7:21  Barracks  
  81  7:22  Starport  
  84  7:32  Supply Depot  
  84  7:36  Siege Tank  
  87  7:37  Marine x2  
  87  7:38  SCV x2  
  91  7:54  Marauder x2  
  91  7:55  Marine x2  
  97  8:02  Bunker  
  98  8:05  SCV x2  
  98  8:07  Terran Infantry Weapons Level 1  
  98  8:11  Supply Depot  
  98  8:12  Marine  
  96  8:15  Marauder x2  
  96  8:19  Barracks  
  100  8:22  Barracks Reactor  
  100  8:23  Supply Depot  
  100  8:24  Supply Depot  
  97  8:44  SCV x2, Marine x2  
  97  8:46  Marauder x2  
  97  8:47  Refinery  
  105  8:51  Supply Depot x2  
  100  8:56  SCV x2  
  101  9:09  Starport Reactor  
  101  9:13  Marauder  
  101  9:14  Marauder  
  101  9:15  Barracks Tech Lab  
  105  9:18  Supply Depot, Barracks Reactor  
  105  9:21  Marine  
  92  9:35  Marauder x2, Medivac x2  
  97  9:40  Marine x2  
  97  9:41  Marauder  
  107  10:01  Command Center  
Tags
 
Add a new tag
Caveats
  • Supply blocks, unpowered buildings, or Contaminate may cause inaccurate times.
  • Supply counts are checked every 10 seconds.